APP
BALTIMORE (APP) ORIOLES @ GREAT FALLS VOYAGERS
07/12/2044
 
TOP OF THE 1ST
Baltimore (APP) Orioles batting - Pitching for Great Falls Voyagers : RHP Brent White
Pitching: RHP Brent White
Batting: LHB Eric Jackson 0-0: Fly out, F9 (Line Drive, 9, EV 110.0 MPH)
Batting: LHB Rodolfo Montes 0-0: Called Strike
0-1: Ball
1-1: Ball
2-1: Foul Ball, location: 2F
2-2: Strikes out swinging
Batting: RHB Jeremy Sipe 0-0: Ball
1-0: Called Strike
1-1: DOUBLE (Line Drive, 7LM, EV 108.1 MPH)
Batting: LHB Justin Alworth 0-0: Foul Ball, location: 2F
0-1: Swinging Strike
0-2: Strikes out swinging
Top of the 1st over - 0 runs, 1 hit, 0 errors, 1 left on base; Baltimore (APP) 0 - Great Falls 0
BOTTOM OF THE 1ST
Great Falls Voyagers batting - Pitching for Baltimore (APP) Orioles : LHP Luis Perez
Pitching: LHP Luis Perez
Batting: RHB Josh Newby 0-0: Called Strike
0-1: Ball
1-1: Swinging Strike
1-2: Ball
2-2: Foul Ball, location: 2F
2-2: Ground out 6-3 (Groundball, 6S, EV 84.4 MPH)
Batting: SHB Jose Romo 0-0: SINGLE (Line Drive, 8RS, EV 108.1 MPH)
Batting: LHB Carlos Ramirez 0-0: Ball
1-0: Ball
2-0: Ball
3-0: Called Strike
3-1: Foul Ball, location: 2F
3-2: Strikes out swinging
Batting: RHB Duncan Collins 0-0: Ball
1-0: Foul Ball, location: 2F
1-1: SINGLE (Groundball, 34D, EV 103.8 MPH)
Jose Romo to second
Runner from 2nd tries for 3rd, SAFE, throw by RF made to third
Batting: LHB Josh Pittman 0-0: Ball
1-0: Ball
2-0: Called Strike
2-1: Fielders Choice at 2nd, 6-4 (Groundball, 6, EV 101.9 MPH)
Bottom of the 1st over - 0 runs, 2 hits, 0 errors, 2 left on base; Baltimore (APP) 0 - Great Falls 0
TOP OF THE 2ND
Baltimore (APP) Orioles batting - Pitching for Great Falls Voyagers : RHP Brent White
Batting: RHB Mike Zepeda 0-0: Ball
1-0: Ground out 6-3 (Groundball, 6, EV 111.9 MPH)
Batting: RHB Fernando Bravo 0-0: Swinging Strike
0-1: Called Strike
0-2: Ball
1-2: SOLO HOME RUN (Flyball, 78XD, EV 107.5 MPH), Distance : 403 ft
Batting: LHB Tomas de Zeeuw 0-0: Swinging Strike
0-1: Ball
1-1: Ball
2-1: Swinging Strike
2-2: Ball
3-2: Ground out 3-1 (Groundball, 3D, EV 111.9 MPH)
Batting: RHB Matt O'Dea 0-0: Fly out, F5 (Line Drive, 5, EV 65.6 MPH)
Top of the 2nd over - 1 run, 1 hit, 0 errors, 0 left on base; Baltimore (APP) 1 - Great Falls 0
BOTTOM OF THE 2ND
Great Falls Voyagers batting - Pitching for Baltimore (APP) Orioles : LHP Luis Perez
Batting: RHB Chris LaMore 0-0: DOUBLE (Groundball, 5L, EV 106.9 MPH)
Batting: RHB Billy Grubbs 0-0: Ball
1-0: Swinging Strike
1-1: Ball
2-1: Foul Ball, location: 2F
2-2: Strikes out swinging, 2-3 out at first.
Batting: SHB Matt Childers 0-0: Ball
1-0: Swinging Strike
1-1: Ball
2-1: Foul Ball, location: 2F
2-2: Foul Ball, location: 2F
2-2: Ball
3-2: Fly out, F3 (Popup, 3L, EV 74.4 MPH)
Batting: RHB Tommy Ellington 0-0: Swinging Strike
0-1: Swinging Strike
0-2: Ball
1-2: Foul Ball, location: 2F
1-2: Ball
2-2: SINGLE (Groundball, 4D, EV 106.3 MPH)
Chris LaMore to third
Runner from 3rd tries for Home, throw by CF and OUT! 8-2
Bottom of the 2nd over - 0 runs, 2 hits, 0 errors, 1 left on base; Baltimore (APP) 1 - Great Falls 0
TOP OF THE 3RD
Baltimore (APP) Orioles batting - Pitching for Great Falls Voyagers : RHP Brent White
Batting: RHB Ioan Biros 0-0: Called Strike
0-1: Foul Ball, location: 2F
0-2: Ball
1-2: Ball
2-2: Foul Ball, location: 2F
2-2: Strikes out looking
Batting: LHB Eric Jackson 0-0: Called Strike
0-1: Ball
1-1: Ball
2-1: Ball
3-1: Called Strike
3-2: TRIPLE (Line Drive, 78XD, EV 103.1 MPH)
Batting: LHB Rodolfo Montes 0-0: 2-RUN HOME RUN (Flyball, 89XD, EV 99.4 MPH), Distance : 405 ft
Batting: RHB Jeremy Sipe 0-0: Ground out 4-3 (Groundball, 4, EV 88.8 MPH)
Batting: LHB Justin Alworth 0-0: Foul Ball, location: 2F
0-1: Swinging Strike
0-2: Ball
1-2: Ball
2-2: DOUBLE (Flyball, 8RXD, EV 100.6 MPH)
Batting: RHB Mike Zepeda 0-0: Foul Ball, location: 2F
0-1: Foul Ball, location: 2F
0-2: Foul Ball, location: 2F
0-2: Ball
1-2: Strikes out swinging
Top of the 3rd over - 2 runs, 3 hits, 0 errors, 1 left on base; Baltimore (APP) 3 - Great Falls 0
BOTTOM OF THE 3RD
Great Falls Voyagers batting - Pitching for Baltimore (APP) Orioles : LHP Luis Perez
Batting: RHB Josh Newby 0-0: SINGLE (Line Drive, 3D, EV 105.6 MPH)
Batting: SHB Jose Romo 0-0: Grounds into double play, 6-4-3 (Groundball, 6M, EV 91.3 MPH)
Batting: LHB Carlos Ramirez 0-0: Ball
1-0: Foul Ball, location: 2F
1-1: Swinging Strike
1-2: Strikes out swinging
Bottom of the 3rd over - 0 runs, 1 hit, 0 errors, 0 left on base; Baltimore (APP) 3 - Great Falls 0
TOP OF THE 4TH
Baltimore (APP) Orioles batting - Pitching for Great Falls Voyagers : RHP Brent White
Batting: RHB Fernando Bravo 0-0: SINGLE (Line Drive, 34, EV 103.8 MPH)
Batting: LHB Tomas de Zeeuw 0-0: Foul Ball, location: 2F
0-1: SINGLE (Flyball, 6D, EV 85.0 MPH)
Fernando Bravo to second
Batting: RHB Matt O'Dea 0-0: Fielders Choice at 2nd, U4 (Groundball, 6M, EV 84.4 MPH)
Fernando Bravo to third
Batting: RHB Ioan Biros 0-0: Ball
1-0: Ball
2-0: Ball
3-0: Called Strike
3-1: Foul Ball, location: 2F
3-2: Grounds into double play, 6-4-3 (Groundball, 56D, EV 98.8 MPH)
Top of the 4th over - 0 runs, 2 hits, 0 errors, 1 left on base; Baltimore (APP) 3 - Great Falls 0
BOTTOM OF THE 4TH
Great Falls Voyagers batting - Pitching for Baltimore (APP) Orioles : LHP Luis Perez
Batting: RHB Duncan Collins 0-0: Foul Ball, location: 2F
0-1: Ball
1-1: Called Strike
1-2: Ground out 4-3 (Groundball, 4, EV 86.9 MPH)
Batting: LHB Josh Pittman 0-0: Fly out, F7 (Line Drive, 7, EV 105.0 MPH)
Batting: RHB Chris LaMore 0-0: Ball
1-0: Ball
2-0: Called Strike
2-1: Called Strike
2-2: Foul Ball, location: 2F
2-2: Ball
3-2: Foul Ball, location: 2F
3-2: Foul Ball, location: 2F
3-2: Strikes out swinging
Bottom of the 4th over - 0 runs, 0 hits, 0 errors, 0 left on base; Baltimore (APP) 3 - Great Falls 0
TOP OF THE 5TH
Baltimore (APP) Orioles batting - Pitching for Great Falls Voyagers : RHP Brent White
Batting: LHB Eric Jackson 0-0: Called Strike
0-1: Swinging Strike
0-2: Ball
1-2: SINGLE (Flyball, 6MD, EV 94.4 MPH)
Batting: LHB Rodolfo Montes 0-0: Called Strike
0-1: Ball
1-1: Ball
2-1: Called Strike
Eric Jackson steals 2nd, throwing error, E2
Eric Jackson to third
2-2: Foul Ball, location: 2F
2-2: Ball
Wild Pitch!
Eric Jackson scores
3-2: Fly out, F3 (Popup, 23F, EV 80.0 MPH)
Batting: RHB Jeremy Sipe 0-0: Ball
1-0: Ball
2-0: Foul Ball, location: 2F
2-1: Ball
3-1: SINGLE (Line Drive, 4D, EV 95.6 MPH)
Batting: LHB Justin Alworth 0-0: Called Strike
0-1: Ball
1-1: Ball
Jeremy Sipe steals 2nd base (no throw)
2-1: Ground out U3 (Groundball, 3, EV 98.8 MPH)
Jeremy Sipe to third
Batting: RHB Mike Zepeda 0-0: Called Strike
0-1: Called Strike
0-2: Ball
1-2: Ball
2-2: Ball
3-2: Strikes out swinging
Top of the 5th over - 1 run, 2 hits, 1 error, 1 left on base; Baltimore (APP) 4 - Great Falls 0
BOTTOM OF THE 5TH
Great Falls Voyagers batting - Pitching for Baltimore (APP) Orioles : LHP Luis Perez
Batting: RHB Billy Grubbs 0-0: Swinging Strike
0-1: SINGLE (Groundball, 5S, EV 70.0 MPH) (infield hit)
Batting: SHB Matt Childers 0-0: Ball
1-0: Called Strike
1-1: Ball
2-1: Ball
3-1: Foul Ball, location: 2F
3-2: Foul Ball, location: 2F
3-2: Strikes out swinging
Batting: RHB Tommy Ellington 0-0: Ball
1-0: Foul Ball, location: 2F
1-1: Ball
2-1: Foul Ball, location: 2F
2-2: Ball
3-2: Foul Ball, location: 2F
3-2: Base on Balls
Billy Grubbs to second
Pitching: LHP Freddy Gutierrez
Batting: RHB Josh Newby 0-0: Called Strike
0-1: Called Strike
0-2: Ball
1-2: Ball
2-2: Foul Ball, location: 2F
2-2: Fly out, F6 (Line Drive, 6, EV 73.1 MPH)
Batting: SHB Jose Romo 0-0: Called Strike
0-1: Ball
1-1: Reached via error on a dropped throw from 1B, E1 (Groundball, 34S, EV 85.0 MPH)
Billy Grubbs to third
Tommy Ellington to second
Batting: LHB Carlos Ramirez 0-0: Called Strike
0-1: Ball
Balk!
Billy Grubbs scores
Tommy Ellington to third
Jose Romo to second
1-1: Ground out 4-3 (Groundball, 4, EV 77.5 MPH)
Bottom of the 5th over - 1 run, 1 hit, 1 error, 2 left on base; Baltimore (APP) 4 - Great Falls 1
TOP OF THE 6TH
Baltimore (APP) Orioles batting - Pitching for Great Falls Voyagers : RHP Brent White
Pitching: LHP Matt Donnelly
Batting: RHB Fernando Bravo 0-0: Called Strike
0-1: Foul Ball, location: 2F
0-2: Ball
1-2: Strikes out swinging
Batting: LHB Tomas de Zeeuw 0-0: Called Strike
0-1: Ball
1-1: Foul Ball, location: 2F
1-2: Foul Ball, location: 2F
1-2: Ball
2-2: Ball
3-2: Foul Ball, location: 2F
3-2: Fly out, F4 (Popup, 4M, EV 55.0 MPH)
Batting: RHB Matt O'Dea 0-0: Ball
1-0: Swinging Strike
1-1: Called Strike
1-2: Strikes out swinging
Top of the 6th over - 0 runs, 0 hits, 0 errors, 0 left on base; Baltimore (APP) 4 - Great Falls 1
BOTTOM OF THE 6TH
Great Falls Voyagers batting - Pitching for Baltimore (APP) Orioles : LHP Freddy Gutierrez
Batting: RHB Duncan Collins 0-0: Swinging Strike
0-1: Called Strike
0-2: Ball
1-2: Strikes out swinging
Batting: LHB Josh Pittman 0-0: Ball
1-0: Called Strike
1-1: Ground out U3 (Groundball, 3, EV 88.1 MPH)
Batting: RHB Chris LaMore 0-0: Swinging Strike
0-1: Ball
1-1: Ball
2-1: Foul Ball, location: 2F
2-2: Ball
3-2: Fly out, F7 (Line Drive, 7S, EV 91.9 MPH)
Bottom of the 6th over - 0 runs, 0 hits, 0 errors, 0 left on base; Baltimore (APP) 4 - Great Falls 1
TOP OF THE 7TH
Baltimore (APP) Orioles batting - Pitching for Great Falls Voyagers : LHP Matt Donnelly
Batting: RHB Ioan Biros 0-0: Ball
1-0: Swinging Strike
1-1: Ball
2-1: Foul Ball, location: 2F
2-2: Foul Ball, location: 2F
2-2: Ball
3-2: Strikes out swinging
Batting: LHB Eric Jackson 0-0: Ground out 4-3 (Groundball, 4, EV 108.1 MPH)
Batting: LHB Rodolfo Montes 0-0: Foul Ball, location: 2F
0-1: Called Strike
0-2: Ball
1-2: Strikes out swinging
Top of the 7th over - 0 runs, 0 hits, 0 errors, 0 left on base; Baltimore (APP) 4 - Great Falls 1
BOTTOM OF THE 7TH
Great Falls Voyagers batting - Pitching for Baltimore (APP) Orioles : LHP Freddy Gutierrez
Pitching: LHP Jason Williams
Batting: RHB Billy Grubbs 0-0: Ground out 5-3 (Groundball, 56, EV 83.8 MPH)
Batting: SHB Matt Childers 0-0: Ground out U3 (Groundball, 34, EV 104.4 MPH)
Batting: RHB Tommy Ellington 0-0: Ground out 6-3 (Groundball, 6, EV 108.1 MPH)
Bottom of the 7th over - 0 runs, 0 hits, 0 errors, 0 left on base; Baltimore (APP) 4 - Great Falls 1
TOP OF THE 8TH
Baltimore (APP) Orioles batting - Pitching for Great Falls Voyagers : LHP Matt Donnelly
Batting: RHB Jeremy Sipe 0-0: Ball
1-0: Ball
2-0: Ground out 6-3 (Groundball, 6, EV 101.3 MPH)
Batting: LHB Justin Alworth 0-0: Called Strike
0-1: SINGLE (Groundball, 4M, EV 93.1 MPH) (infield hit)
Batting: RHB Mike Zepeda 0-0: Called Strike
0-1: Foul Ball, location: 2F
0-2: Ball
Wild Pitch!
Justin Alworth to second
1-2: Ball
2-2: DOUBLE (Groundball, 5L, EV 100.6 MPH)
Justin Alworth scores
Batting: RHB Fernando Bravo 0-0: Ball
1-0: Called Strike
1-1: Called Strike
1-2: Foul Ball, location: 2F
1-2: DOUBLE (Line Drive, 8LD, EV 110.0 MPH)
Mike Zepeda scores
Batting: LHB Tomas de Zeeuw 0-0: Ball
1-0: Swinging Strike
1-1: Called Strike
1-2: Foul Ball, location: 2F
1-2: TRIPLE (Flyball, 89XD, EV 97.5 MPH)
Fernando Bravo scores
Pitching: RHP Toby Riley
Batting: RHB Matt O'Dea 0-0: Foul Ball, location: 2F
0-1: Ball
1-1: Ball
2-1: Ball
3-1: Base on Balls
Batting: RHB Ioan Biros 0-0: Ball
1-0: Swinging Strike
1-1: Ball
2-1: Ball
3-1: Called Strike
3-2: Foul Ball, location: 2F
3-2: Fielders Choice at 2nd, 5-4 (Groundball, 56, EV 82.5 MPH)
Tomas de Zeeuw scores
Batting: LHB Eric Jackson 0-0: Called Strike
0-1: Called Strike
0-2: Ball
1-2: Strikes out swinging
Top of the 8th over - 4 runs, 4 hits, 0 errors, 1 left on base; Baltimore (APP) 8 - Great Falls 1
BOTTOM OF THE 8TH
Great Falls Voyagers batting - Pitching for Baltimore (APP) Orioles : LHP Jason Williams
Batting: RHB Josh Newby 0-0: Ball
1-0: Called Strike
1-1: Foul Ball, location: 2F
1-2: Ground out 6-3 (Groundball, 6, EV 85.6 MPH)
Batting: SHB Jose Romo 0-0: Ball
1-0: Foul Ball, location: 2F
1-1: Ball
2-1: Foul Ball, location: 2F
2-2: Ball
3-2: Foul Ball, location: 2F
3-2: Foul Ball, location: 2F
3-2: Strikes out looking
Batting: LHB Carlos Ramirez 0-0: Ball
1-0: Swinging Strike
1-1: Ball
2-1: Ball
3-1: Base on Balls
Batting: RHB Duncan Collins 0-0: Ball
1-0: Ball
2-0: Foul Ball, location: 2F
2-1: Foul Ball, location: 2F
2-2: Ball
3-2: Strikes out looking
Bottom of the 8th over - 0 runs, 0 hits, 0 errors, 1 left on base; Baltimore (APP) 8 - Great Falls 1
TOP OF THE 9TH
Baltimore (APP) Orioles batting - Pitching for Great Falls Voyagers : RHP Toby Riley
Pinch Hitting: LHB Antonio Cantu 0-0: Ball
1-0: Foul Ball, location: 2F
1-1: Ball
2-1: Ball
3-1: Foul Ball, location: 2F
3-2: SOLO HOME RUN (Flyball, 89XD, EV 100.0 MPH), Distance : 419 ft
Batting: RHB Jeremy Sipe 0-0: Ball
1-0: Ball
2-0: Ball
3-0: Base on Balls
Batting: LHB Justin Alworth 0-0: Called Strike
0-1: Foul Ball, location: 2F
0-2: Ball
1-2: Ball
2-2: Strikes out looking
Batting: RHB Mike Zepeda 0-0: Ball
1-0: Ball
2-0: Foul Ball, location: 2F
2-1: Foul Ball, location: 2F
2-2: Strikes out swinging
Pinch Hitting: RHB Ryan Vest 0-0: Ball
1-0: Fly out, F8 (Flyball, 8RD, EV 99.4 MPH)
Top of the 9th over - 1 run, 1 hit, 0 errors, 1 left on base; Baltimore (APP) 9 - Great Falls 1
BOTTOM OF THE 9TH
Great Falls Voyagers batting - Pitching for Baltimore (APP) Orioles : LHP Jason Williams
Now at 3B: Ryan Vest
Now in LF: Antonio Cantu
Batting: LHB Josh Pittman 0-0: Swinging Strike
0-1: Called Strike
0-2: Foul Ball, location: 2F
0-2: Strikes out swinging
Batting: RHB Chris LaMore 0-0: Swinging Strike
0-1: Swinging Strike
0-2: Ball
1-2: Foul Ball, location: 2F
1-2: Strikes out swinging
Batting: RHB Billy Grubbs 0-0: Ball
1-0: Ball
2-0: Ball
3-0: Foul Ball, location: 2F
3-1: Base on Balls
Batting: SHB Matt Childers 0-0: Foul Ball, location: 2F
0-1: Ball
1-1: Foul Ball, location: 2F
1-2: Ball
2-2: Strikes out swinging
Bottom of the 9th over - 0 runs, 0 hits, 0 errors, 1 left on base; Baltimore (APP) 9 - Great Falls 1
Thursday, March 31st , 2022 - OOTP Baseball 22.12 Build 89